 Dungeon Crawl Stone Soup version 0.23.1-37-gaa34b87 (webtiles) character file.

Game seed: 15159325231610825442

34435 teukkam the Blocker (level 13, -6/106 HPs)
             Began as a Minotaur Fighter on Mar 20, 2019.
             Was the Champion of Hepliaklqana.
             Mangled by a blink frog (10 damage)
             ... on level 6 of the Lair of Beasts on Mar 22, 2019.
             The game lasted 01:23:32 (15048 turns).

teukkam the Blocker (Minotaur Fighter)             Turns: 15048, Time: 01:23:34

Health: -6/106     AC: 16    Str: 25    XL:     13   Next: 42%
Magic:  18/18      EV:  9    Int:  7    God:    Hepliaklqana [******]
Gold:   548        SH: 16    Dex: 11    Spells: 12/12 levels left

rFire    . . .     SeeInvis .   a - +8 war axe of Desperation {chaos, rN++}
rCold    . . .     Gourm    .   c - +3 shield
rNeg     + + +     Faith    .   A - +0 scale mail
rPois    .         Spirit   .   (helmet restricted)
rElec    .         Reflect  .   u - +4 cloak of the Valley {Slay+2}
rCorr    .         Harm     +   (no gloves)
MR       .....                  M - +0 pair of boots
Stlth    ..........             S - amulet of harm
HPRegen  0.27/turn              H - +2 ring of intelligence
MPRegen  0.16/turn              B - ring of positive energy

@: about to teleport, very slightly contaminated
A: retaliatory headbutt, reduced essence, horns 2
a: Recall Ancestor, Ancestor Identity, Transference, Idealise, Renounce Religion


You were on level 6 of the Lair of Beasts.
You worshipped Hepliaklqana.
Hepliaklqana was exalted by your worship.
You were not hungry.

You visited 3 branches of the dungeon, and saw 17 of its levels.

You collected 836 gold pieces.
You spent 288 gold pieces at shops.

Inventory:

Hand Weapons
 a - the +8 war axe of Desperation (weapon) {chaos, rN++}
   (You took it off a naga on level 2 of the Lair of Beasts)

   Each time it hits an enemy it has a different, random effect.
   It greatly protects you from negative energy.
 b - a +1 hand crossbow
 d - a +0 war axe
 y - a +1 trident of piercing
 F - a +0 blowgun
 G - the +7 mace of Moral Flaws {flame, rN+ Str+4 Int+6}
   (You found it on level 4 of the Dungeon)

   It has been specially enchanted to burn those struck by it, causing extra
   injury to most foes and up to half again as much damage against particularly
   susceptible opponents.
   It affects your strength (+4).
   It affects your intelligence (+6).
   It protects you from negative energy.
 J - a +0 short sword of venom
 L - a +0 hunting sling of velocity
 N - the +5 mace of the Orb {drain, +Fly Str+4 Int-2}
   (You bought it in a shop on level 6 of the Dungeon)

   A truly terrible weapon, it drains the life of those it strikes.
   It affects your strength (+4).
   It affects your intelligence (-2).
   It lets you fly.
Missiles
 l - 8 needles of sleeping
 m - 477 stones
 p - 13 tomahawks (quivered)
 s - 3 throwing nets
 w - 109 sling bullets
 P - 4 javelins of penetration
 T - 119 bolts
 U - 168 arrows
Armour
 c - a +3 shield (worn)
 u - the +4 cloak of the Valley (worn) {Slay+2}
   (You found it on level 4 of the Dungeon)

   It affects your accuracy and damage with ranged weapons and melee attacks
   (+2).
 A - a +0 scale mail (worn)
 I - a scarf of cloud immunity
 M - a +0 pair of boots (worn)
Magical Staves
 x - an uncursed staff of wizardry
Jewellery
 B - a ring of positive energy (right hand)
 H - a +2 ring of intelligence (left hand)
 S - an amulet of harm (around neck)
Wands
 r - a wand of paralysis (6)
 t - a wand of flame (28)
 z - a wand of enslavement (3)
 E - a wand of digging (15)
 R - a wand of random effects (20)
 V - a wand of disintegration (4)
 X - a wand of polymorph (18)
Scrolls
 e - 4 scrolls of fog
 g - 3 scrolls of teleportation
 i - 15 scrolls of identify
 j - 4 scrolls of remove curse
 n - 2 scrolls of magic mapping
 o - 3 scrolls of enchant weapon
Potions
 h - a potion of haste
 k - 2 potions of curing
 C - a potion of ambrosia
 D - 3 potions of might
 K - 3 potions of lignification
 Q - a potion of invisibility
 Z - 2 potions of cancellation
Miscellaneous
 W - a phantom mirror
 Y - a fan of gales
Comestibles
 f - 26 rations


   Skills:
 + Level 12.0 Fighting
 + Level 7.6(9.7) Axes
 - Level 9.2(10.4) Maces & Flails
 - Level 9.0 Slings
 + Level 4.8 Crossbows
 + Level 12.2 Armour
 + Level 12.3 Shields
 + Level 8.3 Invocations


You had 12 spell levels left.
You didn't know any spells.
Your spell library contained the following spells:

 Spells                   Type           Power        Failure   Level  Hunger
 Confusing Touch          Hex            #.....       78%         1    ##.....
 Freeze                   Ice            #...         78%         1    ##.....
 Infusion                 Chrm           #...         78%         1    ##.....
 Sandblast                Erth           #.....       78%         1    ##.....
 Passwall                 Tmut/Erth      #.......     89%         2    ###....
 Shroud of Golubria       Chrm/Tloc      #.........   89%         2    ###....
 Song of Slaying          Chrm           #.......     89%         2    ###....
 Swiftness                Chrm/Air       #.......     89%         2    ###....
 Throw Frost              Conj/Ice       #.....       89%         2    ###....
 Confuse                  Hex            #.......     98%         3    ####...
 Gell's Gravitas          Tloc           #.........   98%         3    ####...
 Ozocubu's Armour         Chrm/Ice       #.......     98%         3    ####...
 Regeneration             Chrm/Necr      #.........   98%         3    ####...
 Spectral Weapon          Hex/Chrm       #.......     98%         3    ####...
 Stone Arrow              Conj/Erth      #.....       98%         3    ####...
 Passage of Golubria      Tloc           N/A          100%        4    #####..
 Petrify                  Tmut/Erth      #.......     100%        4    #####..
 Summon Ice Beast         Ice/Summ       #.......     100%        4    #####..
 Throw Icicle             Conj/Ice       #.......     100%        4    #####..
 Lee's Rapid Deconstruct  Erth           #.........   100%        5    ######.
 Metabolic Englaciation   Hex/Ice        #.........   100%        5    ######.
 Yara's Violent Unravell  Hex/Tmut       #.........   100%        5    ######.
 Darkness                 Hex            #.........   100%        6    #######
 Invisibility             Hex            #.......     100%        6    #######


Dungeon Overview and Level Annotations

Branches:
Dungeon (10/15)            Temple (1/1) D:6            Lair (6/6) D:10
 Shoals (0/4) Lair:4        Snake (0/4) Lair:2        Slime (0/5) Lair:5
    Orc: D:9-12

Altars:
Ashenzari
Cheibriados
Dithmenos
Elyvilon
Fedhas
Gozag
Hepliaklqana
Kikubaaqudgha
Makhleb
Nemelex Xobeh
Okawaru
Qazlal
Ru
Sif Muna
Trog
Uskayaw
Vehumet
Wu Jian
Xom
Yredelemnul
The Shining One
Beogh

Shops:
D:6 (

Annotations:
D:9 3 runed translucent doors, Pootle's ghost, journeyman FoAK


Innate Abilities, Weirdness & Mutations

You reflexively headbutt those who attack you in melee.
You have a pair of horns on your head.
Your life essence is reduced to manifest your ancestor. (-10% HP)


Message History

Your wolf bites the guardian serpent but does no damage.
You block the blink frog's attack.
The guardian serpent hits the fungus.
You block the water moccasin's attack. You block the wyvern's attack.
The blink frog hits you.
* * * LOW HITPOINT WARNING * * *
The blink frog hits you.
* * * LOW HITPOINT WARNING * * *
Your wolf misses the guardian serpent. The spiny frog stings you!
* * * LOW HITPOINT WARNING * * *
You are lethally poisoned!
The spiny frog poisons you! The blink frog closely misses you.
You furiously retaliate!
You headbutt the blink frog.
The guardian serpent hits the fungus!
You feel better. You block the water moccasin's attack.
The wyvern barely misses you. You furiously retaliate!
You headbutt the wyvern!
Your wolf bites the guardian serpent!
You block the blink frog's attack. The blink frog hits you!
* * * LOW HITPOINT WARNING * * *
The blink frog blinks!
The blink frog hits you!
You die...

...... ...# ........
#...# ...... #....#
P.... #.... ..P
#...S# ..##
##.PPPP###..#
##.P..<#.#Fl.#
...[§...†SS@F#
.......†h#PFF##
..........H...# .P.P
..[.....#.h.####..P#
P.#......#...#.#...##
..................#.
...................#
...................#
##.....P.###...#.##


You could see a guardian serpent, a spiny frog, 3 blink frogs, a water moccasin,
a wyvern, a friendly hippogriff and 2 friendly wolves.

Vanquished Creatures
  A hydra (Lair:4)
  6 death yaks
  Nergalle (Lair:2)
  Pikel (D:5)
  A merfolk siren (Lair:4)
  3 black mambas
  7 spiny frogs
  3 komodo dragons
  A queen bee (Lair:2)
  A troll (D:10)
  Grinder (D:4)
  4 blink frogs (Lair:1)
  3 hippogriffs
  29 yaks
  A wyvern (Lair:6)
  5 basilisks
  Menkaure (D:4)
  2 nagas (Lair:2)
  8 water moccasins
  3 orc warriors
  8 porcupines
  3 ice beasts
  2 sky beasts (D:10)
  2 phantoms
  A necrophage (D:8)
  A wolf (Lair:6)
  2 ogres (D:5)
  4 centaurs
  8 crocodiles
  9 bullfrogs
  A scorpion (D:4)
  A water moccasin skeleton (D:8)
  25 killer bees
  A howler monkey (D:8)
  5 electric eels
  2 crimson imps
  6 orc priests
  A jelly (D:8)
  A gnoll shaman (D:5)
  A bullfrog skeleton (D:10)
  2 centaur skeletons (D:4)
  4 hounds
  3 iguanas
  5 orc wizards
  A statue (D:6)
  7 worker ants
  13 gnolls
  4 adders
  2 shadow imps
  An adder skeleton (D:7)
  A worm (D:7)
  2 dart slugs
  4 leopard geckos
  43 orcs
  2 bat zombies (D:4)
  4 giant cockroaches
  5 hobgoblins
  7 jackals
  3 quokkas
  3 bats
  3 frilled lizards
  3 goblins
  3 kobolds
  10 rats
  2 rat zombies (D:4)
  2 fungi
305 creatures vanquished.

Vanquished Creatures (collateral kills)
  2 death yaks
  Urug (Lair:5)
  6 spiny frogs
  3 komodo dragons
  7 blink frogs
  2 wyverns
  8 yaks
  5 basilisks
  A hungry ghost (D:7)
  2 nagas (Lair:2)
  5 water moccasins
  3 porcupines
  A swamp drake (D:10)
  A black bear (D:6)
  A necrophage (D:10)
  2 sky beasts
  A centaur (D:8)
  An ogre (D:10)
  5 crocodiles
  5 bullfrogs
  2 gnoll sergeants
  A wyvern skeleton (D:8)
  3 killer bees
  An electric eel (D:6)
  A howler monkey (D:8)
  3 crimson imps
  5 hounds
  2 jellies
  2 quasits
  2 orc priests
  A bullfrog skeleton (D:7)
  A centaur skeleton (D:5)
  An orc wizard (D:7)
  2 worker ants
  A hound zombie (D:8)
  2 gnolls
  3 adders
  A shadow imp (D:9)
  An adder zombie (D:9)
  2 leopard geckos
  9 orcs
  A giant cockroach (D:5)
  2 jackals
  A fungus (Lair:3)
  A plant (Lair:2)
113 creatures vanquished.

Vanquished Creatures (others)
  A sky beast (D:5)
  9 battlemagi
  An orc (D:8)
  16 fungi
  18 plants
45 creatures vanquished.

Grand Total: 463 creatures vanquished

Notes
Turn   | Place    | Note
-------+----------+-------------------------------------------
     0 | D:1      | teukkam the Minotaur Fighter began the quest for the Orb.
     0 | D:1      | Reached XP level 1. HP: 19/19 MP: 0/0
   245 | D:1      | Found a shattered altar of Ashenzari.
   271 | D:1      | Reached XP level 2. HP: 25/27 MP: 1/1
   581 | D:3      | Found a faded altar of an unknown god.
   595 | D:3      | Became a worshipper of Hepliaklqana the Forgotten
   595 | D:3      | Reached * piety under Hepliaklqana
  1281 | D:2      | Reached XP level 3. HP: 29/29 MP: 2/2
  2012 | D:3      | Reached XP level 4. HP: 32/36 MP: 3/3
  2028 | D:3      | Found a hide-covered altar of Uskayaw.
  2398 | D:4      | Noticed Menkaure
  2402 | D:4      | Killed Menkaure
  2402 | D:4      | Reached XP level 5. HP: 31/42 MP: 4/4
  2407 | D:4      | Reached ** piety under Hepliaklqana
  2408 | D:4      | Remembered your ancestor Djefatnebti as a battlemage
  2433 | D:4      | Got an ancient mace
  2434 | D:4      | Reached skill level 5 in Fighting
  2434 | D:4      | Reached skill level 5 in Armour
  2434 | D:4      | Reached skill level 5 in Shields
  2435 | D:4      | Identified the +7 mace of Moral Flaws {flame, rN+ Str+4
                  | Int+6} (You found it on level 4 of the Dungeon)
  2484 | D:4      | Found a sparkling altar of Nemelex Xobeh.
  2518 | D:4      | Reached XP level 6. HP: 28/50 MP: 5/5
  2621 | D:4      | Reached skill level 1 in Maces & Flails
  2795 | D:4      | Found a white marble altar of Elyvilon.
  2871 | D:4      | Noticed Grinder
  2882 | D:4      | Killed Grinder
  2882 | D:4      | Reached skill level 1 in Slings
  2882 | D:4      | Reached XP level 7. HP: 55/55 MP: 6/6
  2983 | D:4      | Got a bloodstained cloak
  2989 | D:4      | Identified the +4 cloak of the Valley {Slay+2} (You found
                  | it on level 4 of the Dungeon)
  3045 | D:4      | Found an ancient bone altar of Kikubaaqudgha.
  3180 | D:5      | Entered Level 5 of the Dungeon
  3510 | D:5      | Reached XP level 8. HP: 60/63 MP: 7/7
  3726 | D:5      | Noticed Pikel
  3733 | D:5      | Killed Pikel
  3765 | D:5      | Reached skill level 5 in Maces & Flails
  3839 | D:5      | Reached *** piety under Hepliaklqana
  4066 | D:6      | Found Eruvum's Antique Weapon Shop.
  4126 | D:6      | Found a staircase to the Ecumenical Temple.
  4144 | Temple   | Entered the Ecumenical Temple
  4204 | D:6      | Reached XP level 9. HP: 56/71 MP: 8/8
  4350 | D:6      | Found a radiant altar of Vehumet.
  4496 | D:6      | Found a transporter.
  4513 | D:6      | Found a transporter.
  4531 | D:6      | Reached skill level 1 in Invocations
  5135 | D:7      | Reached skill level 5 in Slings
  5759 | D:7      | Reached **** piety under Hepliaklqana
  5871 | D:7      | Found a snail-covered altar of Cheibriados.
  6071 | D:8      | Reached XP level 10. HP: 72/81 MP: 11/11
  6187 | D:6      | Bought a dazzling mace for 288 gold pieces
  6187 | D:6      | Identified the +5 mace of the Orb {drain, +Fly Str+4 Int-2}
                  | (You bought it in a shop on level 6 of the Dungeon)
  6452 | D:8      | Found a roughly hewn altar of Beogh.
  7081 | D:9      | Found a runed translucent gate.
  7082 | D:9      | Found a runed translucent gate.
  7083 | D:9      | Found a runed translucent gate.
  7085 | D:9      | Noticed Pootle's ghost (journeyman FoAK)
  7497 | D:10     | Entered Level 10 of the Dungeon
  7959 | D:10     | Found a staircase to the Lair.
  7985 | Lair:1   | Entered Level 1 of the Lair of Beasts
  8006 | Lair:1   | Reached ***** piety under Hepliaklqana
  8031 | Lair:1   | Reached XP level 11. HP: 70/87 MP: 13/13
  8094 | Lair:1   | Reached skill level 5 in Invocations
  8160 | Lair:1   | Reached skill level 10 in Shields
  8379 | Lair:1   | Reached skill level 10 in Armour
  8433 | Lair:1   | Reached skill level 10 in Fighting
  9561 | Lair:2   | Identified the +8 war axe of Desperation {chaos, rN++}
  9812 | Lair:2   | Reached XP level 12. HP: 71/97 MP: 15/15
  9920 | Lair:2   | Noticed Nergalle
  9927 | Lair:2   | Killed Nergalle
 10095 | Lair:2   | Found a staircase to the Snake Pit.
 10635 | Lair:3   | Reached skill level 5 in Axes
 11654 | Lair:4   | Reached skill level 1 in Crossbows
 11897 | Lair:4   | HP: 3/99 [basilisk (4)]
 12366 | Lair:5   | Noticed Urug
 12378 | Lair:5   | Killed Urug
 12406 | Lair:5   | Noticed a death yak
 12923 | Lair:4   | Noticed a four-headed hydra
 12932 | Lair:4   | Killed a four-headed hydra
 13119 | Lair:4   | Found a staircase to the Shoals.
 13533 | Lair:6   | Entered Level 6 of the Lair of Beasts
 13571 | Lair:6   | Reached XP level 13. HP: 100/104 MP: 17/17
 14716 | Lair:5   | Reached ****** piety under Hepliaklqana
 14785 | Lair:5   | Found a staircase to the Slime Pits.
 15048 | Lair:6   | HP: 4/106 [blink frog (15)]
 15048 | Lair:6   | Mangled by a blink frog

Skill      XL: |  1  2  3  4  5  6  7  8  9 10 11 12 13 |
---------------+----------------------------------------+-----
Fighting       | 4 5 6 7 8 9 10 11 12 | 12.0
Shields        | 4 5 6 7 8 9 10 11 12 | 12.3
Armour         | 4 5 6 7 8 9 10 11 12 | 12.2
Axes           | 3 4 6 7 |  7.6
Maces & Flails | 2 3 5 6 8 9 |  9.2
Slings         | 1 2 4 6 7 8 9 |  9.0
Invocations    | 3 4 6 7 8 |  8.3
Crossbows      | 3 4 |  4.8

Action                   |  1- 3 |  4- 6 |  7- 9 | 10-12 | 13-15 || total
-------------------------+-------+-------+-------+-------+-------++-------
Melee: War axe           |    97 |     5 |       |   122 |    70 ||   294
       Headbutt          |     8 |     4 |    20 |    63 |    19 ||   114
       Mace              |       |    21 |   118 |   247 |       ||   386
       Hunting sling     |       |       |       |     1 |       ||     1
 Fire: Hunting sling     |       |     5 |    56 |    58 |       ||   119
       Hand crossbow     |       |       |       |    28 |     6 ||    34
Throw: Tomahawk          |       |       |     5 |     8 |     2 ||    15
Invok: Ancestor Identity |       |     1 |       |       |       ||     1
       Ancestor Life: Ba |       |     1 |       |       |       ||     1
 Abil: Evoke Flight      |       |       |       |     1 |       ||     1
Evoke: Wand              |       |       |     3 |    34 |    10 ||    47
       Fan of gales      |       |       |       |     1 |       ||     1
  Use: Potion            |       |     1 |     6 |     9 |     3 ||    19
       Scroll            |       |       |       |    23 |     5 ||    28
 Stab: Distracted        |       |     1 |     1 |     3 |       ||     5
       Confused          |       |       |       |       |     1 ||     1
  Eat: Ration            |     1 |     1 |     1 |     3 |     2 ||     8
       Chunk             |       |     1 |     5 |    13 |       ||    19
Armor: Scale mail        |    48 |     5 |    46 |    70 |    13 ||   182
Dodge: Dodged            |    25 |     6 |    27 |    97 |    16 ||   171
Block: Shield            |    55 |    15 |    71 |   256 |    60 ||   457
